AoeStats
← TheGreatKING

Yucatan

510536744Analyzed
2v2 RM · 2d ago on Oct 1, 2026· 59m 28s· 4 players
Game mode
Random Map
Map size
Medium (4 player)
Population
200
Speed
Normal
Resources
Standard
Victory
Conquest
Starting age
Dark Age
Ending age
Imperial Age
RankedLock teamsTeams togetherTeam positionsShared explorationLock speedFull tech treeHidden civsTurbo modeCheats
Victory
Defeat
🇹🇷 Magyars · Türkiye
1080
+16
🇩🇪 Lithuanians · Germany
1067
+16
🇦🇷 Mongols · Argentina
1138
-19
🇨🇿 Vikings · Czechia
1009
-13
fede
11:10 Feudal Age
13:37 Loom
14:53 Forging
14:49 Scale Barding Armor
17:55 Bloodlines
21:03 Gold Mining
20:56 Horse Collar
21:04 Double-Bit Axe
24:23 Castle Age
23:38 Fletching
24:12 Stone Mining
28:49 Stone Shaft Mining
29:14 Bodkin Arrow
31:30 Wheelbarrow
32:35 Chain Barding Armor
35:31 Hand Cart
39:11 Imperial Age
39:59 Iron Casting
40:19 Conscription
41:59 Plate Barding Armor
48:23 Bracer
47:47 Cavalier
48:28 Husbandry
49:33 Town Watch
49:22 Paladin
51:04 Heavy Plow
51:17 Bow Saw
53:05 Scale Mail Armor
53:05 Padded Archer Armor
60:58 Chemistry
60:19 Ballistics
60:10 Masonry
59:56 Murder Holes
60:12 Fortified Wall
TheGreatKING
0:27 Loom
12:07 Feudal Age
12:49 Double-Bit Axe
19:38 Castle Age
17:22 Horse Collar
19:23 Gold Mining
19:48 Pikeman
27:25 Bow Saw
29:00 Elite Skirmisher
31:42 Fletching
31:53 Padded Archer Armor
33:36 Leather Archer Armor
34:21 Ballistics
34:39 Bodkin Arrow
34:59 Thumb Ring
35:47 Heavy Plow
40:01 Imperial Age
38:14 Scale Barding Armor
38:22 Corvinian Army
44:26 Chain Barding Armor
45:57 Crop Rotation
46:34 Two-Man Saw
48:44 Plate Barding Armor
50:12 Wheelbarrow
53:47 Parthian Tactics
54:49 Ring Archer Armor
54:20 Bracer
57:53 Recurve Bow
rakosnikk
10:52 Feudal Age
15:39 Castle Age
13:42 Double-Bit Axe
14:39 Gold Mining
17:01 Bow Saw
18:01 Crossbowman
19:43 Fletching
22:10 Ballistics
22:33 Bodkin Arrow
23:23 Horse Collar
24:04 Loom
24:37 Padded Archer Armor
28:55 Heavy Plow
32:12 Imperial Age
32:32 Arbalester
35:06 Town Watch
35:25 Bracer
35:03 Capped Ram
36:27 Onager
37:26 Stone Mining
38:12 Gold Shaft Mining
38:40 Two-Man Saw
38:43 Elite Varangian Guard
39:28 Scale Mail Armor
40:51 Squires
40:39 Arson
41:15 Chain Mail Armor
41:10 Forging
41:17 Leather Archer Armor
42:15 Siege Engineers
45:00 Iron Casting
44:55 Plate Mail Armor
44:56 Ring Archer Armor
46:16 Conscription
47:40 Blast Furnace
47:09 Siege Ram
48:16 Bogsveigar
48:22 Chieftains
48:28 Chieftains
49:08 Hoardings
48:46 Masonry
48:35 Murder Holes
54:48 Pikeman
武瑧
11:23 Feudal Age
11:55 Loom
16:35 Castle Age
14:39 Horse Collar
14:48 Double-Bit Axe
15:32 Fletching
Connection lost

Rejoining the realm…

Still unreachable

The connection could not be restored.

Session expired

The server has moved on; the page needs a fresh start.